 Dungeon Crawl Stone Soup version 0.28.0-47-ge53b351184 (webtiles) character file.

Game seed: 12219850512769958136

11849 101zpm the Thaumaturge (level 12, -6/66 HPs)
             Began as a Djinni Fire Elementalist on May 7, 2022.
             Was a Believer of Hepliaklqana.
             Mangled by a white ugly thing (8 damage)
             ... on level 10 of the Dungeon.
             The game lasted 00:53:07 (17458 turns).

101zpm the Thaumaturge (Djinni Fire Elementalist)  Turns: 17458, Time: 00:53:07

Health: -6/66      AC:  4    Str:  7    XL:     12   Next: 12%
Gold:   1619       EV: 13    Int: 27    God:    Hepliaklqana [**....] SH:  0 Dex: 13

rFire   + + +      SeeInvis .   (no weapon)
rCold   . . .      Faith    .   (no shield)
rNeg    . . .      Spirit   .   y - +2 robe {rF+}
rPois   ∞          Reflect  .   (no helmet)
rElec   .          Harm     .   (no cloak)
rCorr   .          Rampage  .   (no gloves)
Will    +....                   (boots unavailable)
Stlth   +++.......              e - amulet of the acrobat
HPRegen 0.21/turn               n - ring of Axouh {+Blink rF+ Int+4}
MPRegen 0.00/turn               j - ring of ice

@: flying
A: reduced essence, sickness immunity, fire resistance 2, cold vulnerability 1,
float, innate caster, HP casting, extra vitality 1
a: Renounce Religion, Evoke Blink, Recall Ancestor, Ancestor Identity


You were on level 10 of the Dungeon.
You worshipped Hepliaklqana.
Hepliaklqana was pleased with you.
You visited 2 branches of the dungeon, and saw 11 of its levels.

You collected 1619 gold pieces.

Inventory:

Hand Weapons
 B - the +9 longbow of Remic {flame, rCorr Int-4 SInv}
   (You found it on level 5 of the Dungeon)

   Any ammunition fired from it burns those it strikes, dealing additional fire
   damage.
   Int:       It affects your intelligence (-4).
   SInv:      It lets you see invisible.
   rCorr:     It protects you from acid and corrosion.
Missiles
 C - 119 arrows
Armour
 a - a +0 robe
 y - a +2 robe of fire resistance (worn)
Jewellery
 e - an amulet of the acrobat (around neck)
 i - a ring of protection from fire
 j - a ring of ice (right hand)
 n - the ring of Axouh (left hand) {+Blink rF+ Int+4}
   (You took it off an orc on level 5 of the Dungeon)

   [ring of protection from fire]

   Int:       It affects your intelligence (+4).
   rF:        It protects you from fire.
   +Blink:    It lets you blink.
 F - a +6 ring of strength
 H - a ring of wizardry
Wands
 k - a wand of flame (30)
 v - a wand of iceblast (15)
 w - a wand of paralysis (8)
 K - a wand of mindburst (6)
Scrolls
 c - a scroll of holy word
 f - 4 scrolls of identify
 g - a scroll of blinking
 l - 3 scrolls of magic mapping
 o - 2 scrolls of brand weapon {unknown}
 p - 4 scrolls of teleportation {unknown}
 s - a scroll of noise {unknown}
 t - a scroll of vulnerability {unknown}
 u - a scroll of immolation {unknown}
 z - 2 scrolls of torment {unknown}
 A - a scroll of fog {unknown}
 G - a scroll of amnesia {unknown}
 I - a scroll of enchant armour {unknown}
 J - a scroll of silence {unknown}
Potions
 b - a potion of degeneration {unknown}
 d - 2 potions of curing {unknown}
 h - 3 potions of mutation {unknown}
 m - 6 potions of haste {unknown}
 q - a potion of cancellation {unknown}
 r - a potion of brilliance {unknown}
 x - 2 potions of heal wounds {unknown}
 D - a potion of invisibility {unknown}
 E - 2 potions of resistance {unknown}


   Skills:
 + Level 1.8 Fighting
 + Level 3.3 Dodging
 + Level 4.4 Stealth
 + Level 13.7 Spellcasting


You had 12 spell levels left.
You knew the following spells:

 Your Spells              Type           Power      Damage    Failure   Level
a - Foxfire               Conj/Fire      100%       2x1d9     0%          1
b - Scorch                Fire           100%       2d10      0%          2
c - Conjure Flame         Conj/Fire      75%        6-21      1%          3
d - Inner Flame           Hex/Fire       75%        N/A       1%          3
e - Flame Wave            Conj/Fire      75%        2d13      1%          4
f - Apportation           Tloc           100%       N/A       0%          1
g - Ensorcelled Hibernat  Hex/Ice        100%       N/A       0%          2
h - Ozocubu's Armour      Ice            96%        N/A       1%          3
i - Tukima's Dance        Hex            75%        N/A       1%          3
j - Leda's Liquefaction   Hex/Erth       37%        N/A       1%          4
Your spell library was empty.

Dungeon Overview and Level Annotations

Branches:
Dungeon (10/15)            Temple (1/1) D:7            Lair (0/6) D:10
    Orc: D:9-12

Altars:
Ashenzari
Cheibriados
Dithmenos
Elyvilon
Fedhas
Gozag
Hepliaklqana
Kikubaaqudgha
Makhleb
Nemelex Xobeh
Okawaru
Qazlal
Ru
Sif Muna
Trog
Uskayaw
Vehumet
Wu Jian
Xom
Yredelemnul
Zin
The Shining One

Shops:
D:1 (

Annotations:
D:10 Skiberibeda's ghost, journeyman TrMo


Innate Abilities, Weirdness & Mutations

Your life essence is reduced to manifest your ancestor. (-10% HP)
You are immune to sickness and miasma.
You are immune to poison.
Your flesh is very heat resistant. (rF++)
You are vulnerable to cold. (rC-)
You float through the air rather than walking.
You learn spells naturally, not from books.
Your magical power is your life essence.
You have superior vitality. (+4 MHP)


Message History

Ouch! That really hurt!
* * * LOW HITPOINT WARNING * * *
Casting: Foxfire (safe; 0% risk of failure)
Press: ? - help, Q - select action, (/) - cycle Dir - look around, f - activate You conjure some foxfire!
* * * LOW HITPOINT WARNING * * *
Cipactli completely misses the cyclops.
Casting: Foxfire (safe; 0% risk of failure)
Press: ? - help, Q - select action, (/) - cycle Dir - look around, f - activate You conjure some foxfire!
* * * LOW HITPOINT WARNING * * *
Your foxfire dissipates!
Your foxfire dissipates!
There is an open door here.
Your foxfire dissipates! x3
You see here a +0 shortbow.
A white ugly thing comes into view.
There is an open door here.
Things that are here:
a +0 long sword; a +0 robe
There is an open door, spattered with blood here.
Things that are here:
a +0 giant spiked club; a +0 giant club
There is a stone staircase leading up here.
You fly upwards.
There is a stone staircase leading down here.
You start resting.
HP restored.
You fly downwards.
Level annotation: Skiberibeda's ghost, journeyman TrMo The white ugly thing bites you!
The white ugly thing freezes you!
Cipactli hits the white ugly thing with a +0 flail.
The white ugly thing bites you. The white ugly thing freezes you!!
Ouch! That really hurt!
* * * LOW HITPOINT WARNING * * *
There is a stone staircase leading up here.
Unknown command.
Cipactli closely misses the white ugly thing.
The white ugly thing bites you!
You die...

####### ####.....#
#..#.....# #..'.)@R.#
.. ....#..#...u.+ ...
... #..#...[.# ##.##
#.. #R.#.....# ..C..
#.. #)##.....#
......#.###u#.......#
....§.#.#.).#.......+
..8...R§#.).#.......#
#v#...#.......#


You could see the friendly Cipactli the knight and a white ugly thing (ally
target).

Vanquished Creatures
  A rakshasa (D:10)
  A centaur warrior (D:10)
  2 two-headed ogres
  An orc knight (D:10)
  Pikel (D:6)
  A deep elf pyromancer (D:9)
  An ugly thing (D:9)
  2 cyclopes (D:9)
  Joseph (D:7)
  A troll (D:5)
  A shadow (D:9)
  A wyvern (D:10)
  11 yaks
  A wraith (D:9)
  2 steam dragons (D:6)
  2 sky beasts (D:5)
  4 orc warriors
  2 black bears
  3 ice beasts
  A necrophage (D:4)
  4 ogres
  2 centaurs
  3 kobold brigands
  A wyvern zombie (D:8)
  2 water moccasin zombies (D:5)
  2 killer bees (D:9)
  4 wights
  2 centaur zombies
  2 jellies (D:5)
  A hound (D:4)
  2 centaur skeletons
  Terence (D:2)
  5 orc priests
  Ijyb (D:4)
  2 iguanas (D:6)
  13 orc wizards
  Natasha (twice) (D:2)
  A killer bee zombie (D:7)
  7 adders
  A white imp (D:5)
  An ufetubus (D:5)
  4 worms
  A dart slug (D:1)
  34 orcs
  5 ball pythons
  6 endoplasms
  5 giant cockroaches
  10 goblins
  7 hobgoblins
  2 quokkas
  7 bats
  31 kobolds
  11 rats
222 creatures vanquished.

Vanquished Creatures (collateral kills)
  A centaur warrior (D:10)
  A kobold demonologist (D:9)
  A killer bee (D:9)
  An orc (D:7)
  11 foxfires (D:3)
15 creatures vanquished.

Vanquished Creatures (others)
  A knight (D:10)
  1163 foxfires
  85 plants
1249 creatures vanquished.

Grand Total: 1486 creatures vanquished

Notes
Turn   | Place    | Note
-------+----------+-------------------------------------------
     0 | D:1      | 101zpm the Djinni Fire Elementalist began the quest for the
                  | Orb.
     0 | D:1      | Reached XP level 1. HP: 15/15 MP: 0/0
   386 | D:1      | Found Sufatou's Weapon Shop.
   413 | D:2      | Reached XP level 2. HP: 2/21 MP: 0/0
   710 | D:2      | Noticed Terence
   719 | D:2      | Killed Terence
   720 | D:2      | Reached skill level 3 in Spellcasting
   720 | D:2      | Reached XP level 3. HP: 14/25 MP: 0/0
   720 | D:2      | Learned a level 1 spell: Apportation
   840 | D:2      | Noticed Natasha
   845 | D:2      | Killed Natasha
   846 | D:2      | Reached XP level 4. HP: 17/31 MP: 0/0
  2107 | D:2      | Noticed Natasha
  2110 | D:2      | Killed Natasha
  2111 | D:2      | Reached skill level 4 in Spellcasting
  2111 | D:2      | Reached XP level 5. HP: 23/35 MP: 0/0
  2111 | D:2      | Learned a level 2 spell: Ensorcelled Hibernation
  2901 | D:4      | Noticed an orc warrior
  2908 | D:4      | Killed an orc warrior
  2909 | D:4      | Reached XP level 6. HP: 23/40 MP: 0/0
  3107 | D:4      | Found a glowing golden altar of the Shining One.
  3156 | D:4      | Noticed Ijyb
  3162 | D:4      | Killed Ijyb
  3163 | D:4      | Reached skill level 5 in Spellcasting
  3814 | D:4      | Reached XP level 7. HP: 15/45 MP: 0/0
  3814 | D:4      | Learned a level 3 spell: Ozocubu's Armour
  4670 | D:5      | Entered Level 5 of the Dungeon
  4676 | D:5      | Reached skill level 6 in Spellcasting
  4689 | D:5      | Reached XP level 8. HP: 30/50 MP: 0/0
  4762 | D:5      | Noticed a troll
  4768 | D:5      | Killed a troll
  4769 | D:5      | Reached skill level 7 in Spellcasting
  4777 | D:5      | Identified the ring of Axouh {+Blink rF+ Int+4}
  6489 | D:5      | Reached skill level 8 in Spellcasting
  6489 | D:5      | Reached XP level 9. HP: 45/55 MP: 0/0
  6489 | D:5      | Learned a level 3 spell: Tukima's Dance
  8040 | D:3      | Found a faded altar of an unknown god.
  8617 | D:6      | Reached skill level 9 in Spellcasting
  8778 | D:6      | Noticed Pikel
  8787 | D:6      | Killed Pikel
  9540 | D:7      | Found a staircase to the Ecumenical Temple.
  9548 | D:7      | Reached skill level 10 in Spellcasting
  9548 | D:7      | Reached XP level 10. HP: 51/61 MP: 0/0
  9561 | Temple   | Entered the Ecumenical Temple
 10042 | Temple   | Became a worshipper of Hepliaklqana the Forgotten
 10775 | D:7      | Noticed Joseph
 10841 | D:8      | Identified a scroll of acquirement
 10842 | D:8      | Acquired 1165 gold pieces
 10932 | D:7      | Reached skill level 1 in Fighting
 11857 | D:7      | Noticed a two-headed ogre
 12307 | D:7      | Killed Joseph
 12600 | D:8      | Reached skill level 11 in Spellcasting
 13526 | D:5      | Identified the +9 longbow of Remic {flame, rCorr Int-4
                  | SInv}
 13718 | D:1      | Reached * piety under Hepliaklqana
 14623 | D:6      | Killed a two-headed ogre
 14624 | D:6      | Reached XP level 11. HP: 54/61 MP: 0/0
 14624 | D:6      | Learned a level 4 spell: Leda's Liquefaction
 15082 | D:9      | Reached skill level 12 in Spellcasting
 15327 | D:9      | Noticed a white ugly thing
 15331 | D:9      | Killed a white ugly thing
 15335 | D:9      | Noticed a deep elf pyromancer
 15340 | D:9      | Killed a deep elf pyromancer
 15498 | D:9      | Noticed a cyclops
 15506 | D:9      | Killed a cyclops
 15548 | D:9      | Noticed a cyclops
 15554 | D:9      | Killed a cyclops
 16203 | D:9      | Reached ** piety under Hepliaklqana
 16204 | D:9      | Remembered your ancestor Cipactli as a knight
 16509 | D:10     | Entered Level 10 of the Dungeon
 16509 | D:10     | Noticed a two-headed ogre
 16619 | D:10     | Reached skill level 13 in Spellcasting
 16755 | D:10     | Noticed a manticore
 16756 | D:10     | Noticed a deep elf pyromancer
 16756 | D:10     | Noticed a wolf spider
 16759 | D:10     | Noticed Skiberibeda's ghost (journeyman TrMo)
 16763 | D:10     | Noticed a two-headed ogre
 16784 | D:10     | Found a staircase to the Lair.
 16807 | D:10     | Noticed a rakshasa
 16811 | D:10     | Killed a two-headed ogre
 16816 | D:10     | Killed a rakshasa
 16903 | D:10     | Noticed a centaur warrior
 16905 | D:10     | Noticed a centaur warrior
 16911 | D:10     | Killed a centaur warrior
 16914 | D:10     | Killed a centaur warrior
 16915 | D:10     | Reached XP level 12. HP: 39/66 MP: 0/0
 17457 | D:10     | HP: 2/66 [white ugly thing (34)]
 17458 | D:10     | Mangled by a white ugly thing

Illustrated notes

Levels and vault maps discovered:
D:1:      beargit_arrival_greenhouse, layout_loops_ring, serial_shops,
          nicolae_shop_statue_plus
D:2:      layout_basic, uniq_natasha, uniq_terence
D:3:      layout_loops_ring, shapermc_ecumenical_altar_hornbeckon
D:4:      cheibrodos_pilgrimage, layout_gridville,
          mainiacjoe_overflow_tiny_flanked, chequers_hall_statues_corner_a,
          chequers_arboretum, uniq_ijyb
D:5:      kennysheep_kobold_camp, layout_rooms,
          minmay_a_box_with_orc_wizards_in_it
D:6:      layout_loops_ring, uniq_pikel
D:7:      layout_basic, minmay_temple_entry_hall, roderic_roman_lattice,
          uniq_joseph
D:8:      layout_cave_pools, grunt_decor_fettered
D:9:      minmay_diamond_stairs, layout_gridville, serial_park_tiny_pond
D:10:     layout_gridville, dpeg_oklobed_lair, gammafunk_ghost_arena,
          minivault_28
Temple:   mainiacjoe_temple_trianglar_array

Skill      XL: |  1  2  3  4  5  6  7  8  9 10 11 |
---------------+----------------------------------+-----
Spellcasting   | 3 4 5 6 8 10 11 13 | 13.7
Stealth        | 2 3 4 |  4.4
Fighting       | 1 |  1.8
Dodging        | 3 |  3.3

Action                   |  1- 3 |  4- 6 |  7- 9 | 10-12 || total
-------------------------+-------+-------+-------+-------++-------
Melee: Unarmed           |       |       |    39 |     3 ||    42
       Punch             |       |       |     2 |       ||     2
 Cast: Foxfire           |    33 |   138 |   275 |   270 ||   716
       Scorch            |     5 |    14 |    39 |    62 ||   120
       Inner Flame       |       |    13 |    52 |    74 ||   139
       Ozocubu's Armour  |       |       |     4 |     5 ||     9
       Tukima's Dance    |       |       |     2 |       ||     2
       Ensorcelled Hiber |       |       |     1 |     2 ||     3
       Conjure Flame     |       |       |       |     3 ||     3
       Leda's Liquefacti |       |       |       |     1 ||     1
Invok: Ancestor Life: Kn |       |       |       |     1 ||     1
 Abil: Evoke Blink       |       |       |       |     1 ||     1
  Use: Scroll            |       |       |       |     5 ||     5
Armor: Robe              |       |       |     3 |     2 ||     5
Dodge: Dodged            |     2 |     2 |     8 |    29 ||    41
